 Dungeon Crawl Stone Soup version 0.24.0-13-gcf9b319 (webtiles) character file.

Game seed: 15385584836250977472, levelgen mode: deterministic

225222 Fang the Warrior (level 19, 0/127 HPs)
             Began as a Gargoyle Berserker on Nov 25, 2019.
             Was the Champion of Trog.
             Slain by a 16-headed hydra (1 damage)
             ... on level 4 of the Swamp.
             The game lasted 00:47:16 (34580 turns).

Fang the Warrior (Gargoyle Berserker)              Turns: 34580, Time: 00:47:16

Health: 0/127      AC: 44    Str: 28    XL:     19   Next: 32%
Magic:  0/19       EV: 14    Int:  9    God:    Trog [******]
Gold:   3007       SH: 21    Dex:  9    Spells: 18/18 levels left

rFire    . . .     SeeInvis .   K - +12 broad axe "Wihoj" {holy, rN+++ MR+ Int-4}
rCold    . . .     Gourm    .   B - +0 large shield
rNeg     + + +     Faith    .   b - +5 plate armour
rPois    ∞         Spirit   +   (no helmet)
rElec    +         Reflect  .   q - scarf {Spirit}
rCorr    +         Harm     .   j - +2 pair of gloves
MR       ++++.                  r - +2 pair of boots {run}
Stlth    ..........             (no amulet)
HPRegen  1.31/turn              I - ring of the Griffon {EV+2 Int+4}
MPRegen  0.16/turn              v - ring of resist corrosion

@: about to teleport, flying, regenerating, quick
A: big wings, negative energy resistance 1, electricity resistance, unbreathing,
petrification resistance, rot immunity, AC +14
}: 1/15 runes: serpentine
a: Stop Flying, Berserk, Trog's Hand, Brothers in Arms, Renounce Religion


You were on level 4 of the Swamp.
You worshipped Trog.
Trog was exalted by your worship.
You were hungry.

You visited 6 branches of the dungeon, and saw 32 of its levels.
You visited the Abyss 1 time.

You collected 3366 gold pieces.
You spent 359 gold pieces at shops.

Inventory:

Hand Weapons
 a - a +8 antimagic broad axe
 w - the +4 broad axe of Galenuts {venom, rN+}
   (Trog gifted it to you on level 4 of the Lair of Beasts)

   It poisons the flesh of those it strikes.
   It protects you from negative energy.
 K - the +12 broad axe "Wihoj" (weapon) {holy, rN+++ MR+ Int-4}
   (Trog gifted it to you on level 2 of the Snake Pit)

   It has been blessed by the Shining One to cause great damage to the undead
   and demons.
   It affects your intelligence (-4).
   It renders you almost immune to negative energy.
   It affects your resistance to hostile enchantments.
 N - a +4 broad axe of chopping
 P - a +5 war axe of electrocution
Armour
 b - a +5 plate armour (worn)
 j - a +2 pair of gloves (worn)
 q - a scarf of spirit shield (worn)
 r - a +2 pair of boots of running (worn)
 B - a +0 large shield (worn)
Jewellery
 k - an uncursed ring of protection from cold
 v - a ring of resist corrosion (right hand)
 I - the ring of the Griffon (left hand) {EV+2 Int+4}
   (You found it on level 13 of the Dungeon)

   [ring of evasion]

   It affects your evasion (+2).
   It affects your intelligence (+4).
Wands
 p - a wand of acid (12)
 A - a wand of random effects (14)
 C - a wand of scattershot (10)
 E - a wand of digging (14)
 F - a wand of flame (34)
 G - a wand of paralysis (23)
 L - a wand of iceblast (18)
Scrolls
 f - 6 scrolls of blinking
 h - 13 scrolls of remove curse
 o - 3 scrolls of fog
 t - 5 scrolls of fear
 u - 8 scrolls of identify
 y - 16 scrolls of teleportation
 M - a scroll of magic mapping
Potions
 d - a potion of magic
 e - 3 potions of resistance
 g - 3 potions of mutation
 i - 3 potions of berserk rage
 l - 7 potions of curing
 m - 3 potions of cancellation
 n - 2 potions of haste
 x - 5 potions of might
 z - 3 potions of invisibility
 D - 3 potions of heal wounds
 H - 7 potions of agility
Comestibles
 c - 36 rations
 s - a chunk of flesh


   Skills:
 + Level 16.7 Fighting
 + Level 14.4 Axes
 + Level 16.6 Armour
 + Level 13.2 Dodging
 + Level 15.8 Shields


You had 18 spell levels left.
You didn't know any spells.
Your spell library was empty.

Dungeon Overview and Level Annotations

Branches:
Dungeon (15/15)            Temple (1/1) D:6            Lair (6/6) D:10
  Swamp (4/4) Lair:2        Snake (4/4) Lair:2        Slime (0/5) Lair:6
    Orc (2/2) D:12            Elf (0/3) Orc:2        Vaults (0/5) D:13
 Depths (0/5) D:15

Altars:
Ashenzari
Cheibriados
Dithmenos
Elyvilon
Fedhas
Gozag
Hepliaklqana
Kikubaaqudgha
Makhleb
Nemelex Xobeh
Okawaru
Qazlal
Ru
Sif Muna
Trog
Uskayaw
Vehumet
Wu Jian
Xom
Yredelemnul
Zin
The Shining One
Beogh

Shops:
D:5 [   D:7 *   D:10 %   Orc:2 ([%}   Snake:2 ==}   Snake:4 **=%

Annotations:
Lair:1 exclusion: 2 oklob plants
Lair:6 exclusion: 2 oklob plants
Snake:2 1 transporter


Innate Abilities, Weirdness & Mutations

You are resistant to torment.
Your stone body is resilient. (AC +14)
You are immune to poison.
Your large and strong wings let you fly indefinitely.
You resist negative energy. (rN+)
You are resistant to electric shocks. (rElec)
You can survive without breathing.
You are immune to petrification.
You are immune to rotting.


Message History

The 16-headed hydra bites you but does no damage.
The 16-headed hydra bites you.
* * * LOW HITPOINT WARNING * * *
The 16-headed hydra misses you.
The bog body hits you but does no damage.
The bog body touches you but does no damage.
As you read the scroll of teleportation, it crumbles to dust.
You feel strangely unstable.
You block the five-headed hydra's attack. x2
The five-headed hydra barely misses you.
The five-headed hydra misses you. The five-headed hydra bites you!
* * * LOW HITPOINT WARNING * * *
You block the nine-headed hydra's attack.
The nine-headed hydra misses you.
The nine-headed hydra bites you but does no damage. x4
The nine-headed hydra completely misses you.
The nine-headed hydra bites you but does no damage. x2
The 16-headed hydra bites you but does no damage. x2
The 16-headed hydra bites you.
You die...

§..... .. §♣.♣.
§§ ≈.≈.♣ ♣.♣
.≈≈§♣♣♣
#.♣♣......♣
#♣.♣.≈.$.≈.≈
#♣≈≈DDn≈..≈.≈
##≈≈.D@)...≈≈.
#♣≈≈♣≈§♣♣.≈≈.≈.
♣##..♣≈.≈♣
.♣.≈.
≈♣♣.§.....♣♣ ♣
♣ .≈..≈.§..♣♣
♣♣♣♣ ≈≈...≈.≈§♣
♣♣≈≈♣
.≈....§≈≈♣
♣≈≈.♣
.≈≈..≈.≈≈♣
♣♣..≈♣
≈≈≈≈.....♣
♣♣♣♣♣...♣♣


You could see a 16-headed hydra, a nine-headed hydra, a five-headed hydra and a
bog body.

Vanquished Creatures
  Mara (Swamp:4)
  Vashnia (Snake:4)
  Frances (Swamp:2)
  3 thorn hunters
  Donald (Snake:1)
  9 nagarajas
  Louise (Swamp:1)
  Aizul (Snake:1)
  A ghoul (Swamp:2)
  An orc warlord (D:12)
  Josephine (Snake:1)
  Snorg (D:14)
  21 naga warriors
  A shambling mangrove (Swamp:2)
  2 ghost crabs
  12 hydras
  A rakshasa (Abyss:2)
  2 centaur warriors
  5 two-headed ogres
  13 anacondas
  8 alligators
  3 orc high priests
  A thrashing horror (Abyss:2)
  Urug (Lair:5)
  2 shock serpents
  12 naga sharpshooters
  8 spriggans
  5 skeletal warriors (D:15)
  Nergalle (D:10)
  A salamander mystic (Snake:4)
  A sea snake (Snake:3)
  4 swamp dragons
  A spriggan druid (Swamp:4)
  12 naga ritualists
  6 unseen horrors
  A deep elf archer (Orc:1)
  2 wizards
  A necromancer (D:13)
  4 deep elf magi
  6 orc knights
  5 orc sorcerers
  9 mana vipers
  A wolf spider zombie (D:13)
  2 manticores (D:15)
  4 cyclopes
  16 ugly things
  10 salamanders
  A wolf spider (D:15)
  12 elephants
  2 large abominations (Abyss:2)
  2 worldbinders (Abyss:2)
  A smoke demon (Abyss:2)
  8 guardian serpents (Snake:4)
  42 black mambas
  16 naga magi
  2 gargoyles
  21 spiny frogs
  A rime drake (shapeshifter) (D:15)
  5 komodo dragons
  An ancient zyme (Abyss:2)
  A kobold demonologist (D:14)
  A freezing wraith (D:9)
  A demonic crawler (Abyss:2)
  A yaktaur (shapeshifter) (D:14)
  3 meliai (D:15)
  5 trolls
  2 raiju (Abyss:2)
  Grinder (D:3)
  10 hornets
  16 hippogriffs
  17 tyrant leeches
  A snapping turtle (shapeshifter) (D:15)
  21 blink frogs
  26 slime creatures
  11 dream sheep
  17 bog bodies
  A meliai zombie (D:14)
  A centaur simulacrum (D:15)
  Sigmund (D:4)
  5 shadows
  7 wraiths
  4 wyverns
  3 vampires
  A hog (shapeshifter) (Abyss:2)
  Eustachio (D:5)
  36 yaks
  A hungry ghost (D:14)
  19 vampire mosquitoes
  A chaos spawn (Abyss:2)
  4 basilisks
  A warg (Orc:2)
  15 swamp worms
  10 insubstantial wisps
  71 nagas
  An acid dragon (D:14)
  9 water moccasins
  7 porcupines
  3 swamp drakes
  A hornet zombie (D:14)
  A phantom (D:7)
  5 ice beasts
  28 orc warriors
  7 sky beasts
  4 black bears
  5 necrophages
  A tengu (shapeshifter) (D:14)
  13 ogres
  7 wolves
  11 centaurs
  11 crocodiles
  5 big kobolds
  Blork the orc (D:6)
  32 bullfrogs
  3 wyvern skeletons
  5 scorpions
  3 small abominations (Abyss:2)
  7 wights
  17 killer bees
  9 electric eels
  5 howler monkeys
  9 crimson imps
  A bullfrog zombie (D:5)
  A quasit (D:11)
  2 starcursed masses (Abyss:2)
  9 centaur zombies
  6 jellies
  5 bullfrog skeletons
  13 orc priests
  6 hounds
  An iron imp (Abyss:2)
  8 centaur skeletons
  2 iguanas
  17 orc wizards
  10 worker ants
  3 worker ant zombies
  A howler monkey zombie (D:9)
  11 gnolls
  A howler monkey skeleton (D:6)
  19 adders
  4 shadow imps
  An ufetubus (Abyss:2)
  An adder zombie (D:9)
  An adder skeleton (D:9)
  2 worms
  2 dart slugs (D:1)
  6 leopard geckos
  94 orcs
  6 giant cockroaches
  10 goblins
  5 hobgoblins
  28 jackals
  18 kobolds
  9 quokkas
  2 ball pythons
  5 bats
  7 frilled lizards
  A giant cockroach zombie (D:5)
  A leopard gecko skeleton (D:5)
  A quokka skeleton (D:4)
  11 rats
  2 fungi
  14 plants
1193 creatures vanquished.

Vanquished Creatures (collateral kills)
  An Executioner (Abyss:2)
  A tentacled starspawn (Abyss:2)
  A slime creature (D:13)
  4 hydras
  A centaur warrior (D:15)
  An orc high priest (Orc:2)
  A sixfirhy (Abyss:2)
  An orc knight (Orc:2)
  An efreet (D:13)
  A blink frog (Lair:6)
  2 raiju (Abyss:2)
  3 yaks (Lair:4)
  A vampire mosquito (Lair:6)
  A water moccasin (Lair:4)
  2 orc warriors (Orc:2)
  7 starcursed masses (Abyss:2)
  A large abomination (Abyss:2)
  A centaur (D:15)
  An orc priest (Orc:2)
  An iron imp (Abyss:2)
33 creatures vanquished.

Vanquished Creatures (others)
  A guardian serpent (Snake:4)
  A spiny frog (Swamp:1)
  A naga mage (Snake:4)
  A bog body (Swamp:2)
  An insubstantial wisp (Swamp:2)
  A swamp drake (Swamp:1)
  A bullfrog (D:6)
  A leopard gecko (D:10)
  8 bushes (D:9)
  11 fungi
  36 plants
  2 starspawn tentacles (Abyss:2)
65 creatures vanquished.

Grand Total: 1291 creatures vanquished

Notes
Turn   | Place    | Note
-------+----------+-------------------------------------------
     0 | D:1      | Fang the Gargoyle Berserker began the quest for the Orb.
     0 | D:1      | Reached XP level 1. HP: 14/14 MP: 1/1
   202 | D:1      | Reached XP level 2. HP: 19/19 MP: 2/2
  1034 | D:2      | Reached XP level 3. HP: 24/24 MP: 3/3
  1037 | D:2      | Reached ** piety under Trog
  1604 | D:3      | Noticed Grinder
  1633 | D:3      | Killed Grinder
  1633 | D:3      | Reached XP level 4. HP: 23/30 MP: 4/4
  1633 | D:3      | Reached XP level 5. HP: 26/34 MP: 5/5
  1633 | D:3      | Reached XP level 6. HP: 30/39 MP: 6/6
  1893 | D:3      | Reached *** piety under Trog
  2261 | D:3      | Reached skill level 5 in Fighting
  2748 | D:4      | Noticed Sigmund
  2766 | D:4      | Killed Sigmund
  2766 | D:4      | Reached XP level 7. HP: 44/44 MP: 7/7
  3028 | D:5      | Entered Level 5 of the Dungeon
  3054 | D:5      | Found Duityelis's Armour Boutique.
  3067 | D:5      | Bought a +0 large shield for 58 gold pieces
  3128 | D:5      | Noticed Eustachio
  3229 | D:5      | Killed Eustachio
  3229 | D:5      | Reached skill level 5 in Armour
  3500 | D:5      | Reached XP level 8. HP: 46/51 MP: 8/8
  3611 | D:5      | Found a glowing silver altar of Zin.
  3622 | D:5      | Reached skill level 5 in Axes
  3719 | D:5      | Reached skill level 1 in Shields
  3746 | D:5      | Found an opulent altar of Gozag.
  4074 | D:5      | Found a sparkling altar of Nemelex Xobeh.
  4074 | D:5      | Found a shimmering altar of Xom.
  4075 | D:5      | Found a bloodstained altar of Trog.
  4309 | D:5      | Reached **** piety under Trog
  4744 | D:6      | Found a snail-covered altar of Cheibriados.
  4882 | D:6      | Noticed Blork the orc
  4913 | D:6      | Killed Blork the orc
  4924 | D:6      | Found a staircase to the Ecumenical Temple.
  4933 | Temple   | Entered the Ecumenical Temple
  5083 | D:6      | Reached XP level 9. HP: 55/56 MP: 9/9
  5361 | D:6      | Reached skill level 5 in Dodging
  5719 | D:7      | Reached ***** piety under Trog
  5978 | D:7      | Found a stormy altar of Qazlal.
  6006 | D:7      | Found Yburph's Assorted Antiques.
  6750 | D:7      | Reached XP level 10. HP: 64/64 MP: 10/10
  6772 | D:7      | Reached skill level 5 in Shields
  7019 | D:8      | Found an iron altar of Okawaru.
  7445 | D:8      | Received a gift from Trog
  8616 | D:9      | Found a shattered altar of Ashenzari.
  8653 | D:9      | Received a gift from Trog
  9213 | D:10     | Entered Level 10 of the Dungeon
  9466 | D:10     | Noticed a deep elf mage
  9482 | D:10     | Killed a deep elf mage
  9964 | D:10     | Noticed Nergalle
  9971 | D:10     | Reached XP level 11. HP: 65/69 MP: 3/11
  9987 | D:10     | Killed Nergalle
 10194 | D:10     | Killed an unseen horror
 10417 | D:10     | Found a staircase to the Lair.
 10712 | D:10     | Found Wetuvakk's Food Shoppe.
 10989 | D:9      | Noticed a centaur warrior
 11002 | D:9      | Killed a centaur warrior
 11010 | D:9      | Noticed a deep elf mage
 11022 | D:9      | Killed a deep elf mage
 11077 | D:9      | Noticed a cyclops
 11086 | D:9      | Killed a cyclops
 11573 | D:11     | Reached skill level 10 in Fighting
 11757 | D:11     | Reached XP level 12. HP: 77/77 MP: 4/12
 11828 | Lair:1   | Entered Level 1 of the Lair of Beasts
 11837 | Lair:1   | Reached ****** piety under Trog
 12005 | Lair:1   | Reached skill level 10 in Armour
 12439 | Lair:1   | Noticed a four-headed hydra
 12446 | Lair:1   | Killed a four-headed hydra
 12633 | Lair:2   | Found a glowing silver altar of Zin.
 12707 | Lair:2   | Found a staircase to the Snake Pit.
 12724 | Lair:2   | Received a gift from Trog
 12850 | Lair:2   | Found a staircase to the Swamp.
 14027 | Lair:3   | Reached XP level 13. HP: 84/84 MP: 4/13
 15153 | Lair:4   | Reached skill level 10 in Shields
 15172 | Lair:4   | Received a gift from Trog
 15197 | Lair:4   | Got a warped broad axe {god gift}
 15198 | Lair:4   | Identified the +4 broad axe of Galenuts {venom, rN+} (Trog
                  | gifted it to you on level 4 of the Lair of Beasts)
 15883 | Lair:5   | Reached skill level 10 in Axes
 16065 | Lair:5   | Noticed Urug
 16077 | Lair:5   | Killed Urug
 16569 | Lair:6   | Entered Level 6 of the Lair of Beasts
 16826 | Lair:6   | Gained mutation: Your large and strong wings let you fly
                  | indefinitely. [Gargoyle growth]
 16826 | Lair:6   | Reached XP level 14. HP: 43/92 MP: 10/14
 17014 | Lair:6   | Found the +7 pair of quick blades "Gyre" and "Gimble"
                  | {protect}
 17404 | Lair:6   | Received a gift from Trog
 17615 | Lair:6   | Found a staircase to the Slime Pits.
 18342 | D:12     | Found a bloodstained altar of Trog.
 18490 | D:12     | Found a roughly hewn altar of Beogh.
 18497 | D:12     | Found a staircase to the Orcish Mines.
 18905 | D:12     | Identified a scroll of acquirement
 18943 | D:12     | Reached skill level 10 in Dodging
 19315 | D:13     | Identified a +2 pair of boots of running (You acquired it
                  | on level 13 of the Dungeon)
 19430 | D:13     | Received a gift from Trog
 19546 | D:13     | Found a shadowy altar of Dithmenos.
 19934 | D:13     | Got a heavily runed golden ring
 19974 | D:13     | Identified the ring of the Griffon {EV+2 Int+4} (You found
                  | it on level 13 of the Dungeon)
 20183 | D:13     | Found a gate to the Vaults.
 20375 | D:14     | Reached XP level 15. HP: 98/98 MP: 11/15
 20753 | D:14     | Noticed Snorg
 20764 | D:14     | Killed Snorg
 20987 | D:14     | Received a gift from Trog
 21154 | D:15     | Entered Level 15 of the Dungeon
 21537 | D:15     | Found a staircase to the Depths.
 22058 | D:15     | Noticed an emperor scorpion
 22061 | D:15     | an emperor scorpion changed into an entropy weaver
 22131 | D:15     | Cast into level 2 of the Abyss (a wizard)
 22291 | Abyss:2  | Noticed an Executioner
 22308 | Abyss:2  | Killed an Executioner
 22324 | Abyss:2  | Noticed a tentacled starspawn
 22332 | Abyss:2  | Killed a tentacled starspawn
 22545 | D:15     | Escaped the Abyss
 22595 | D:15     | Received a gift from Trog
 22922 | Orc:1    | Entered Level 1 of the Orcish Mines
 22929 | Orc:1    | Noticed an orc warlord
 22931 | Orc:1    | Identified the +3 chain mail "Tuniduzufu" {rC++ MR+ Str+2
                  | Int-2}
 22944 | Orc:1    | Reached XP level 16. HP: 62/106 MP: 11/16
 23467 | Orc:2    | Entered Level 2 of the Orcish Mines
 23539 | Orc:2    | Paralysed by an orc sorcerer for 6 turns
 23894 | Orc:2    | Found a staircase to the Elven Halls.
 24060 | Orc:2    | Received a gift from Trog
 24377 | Orc:2    | Found Bofirph's Gadget Shoppe.
 24377 | Orc:2    | Found Umpevor's Antique Weapon Shop.
 24400 | Orc:2    | Found Etenud's Antique Armour Shop.
 24400 | Orc:2    | Found Iclog's Food Shoppe.
 24406 | Orc:2    | Bought a runed broad axe for 301 gold pieces
 24542 | Orc:2    | Found a bloodstained altar of Trog.
 25043 | Snake:1  | Entered Level 1 of the Snake Pit
 25062 | Snake:1  | Noticed Josephine
 25069 | Snake:1  | Killed Josephine
 25347 | Snake:1  | Noticed Aizul
 25393 | Snake:1  | Killed Aizul
 25605 | Snake:1  | Received a gift from Trog
 25683 | Snake:1  | Noticed Donald
 25698 | Snake:1  | Killed Donald
 26215 | Snake:2  | Found a glowing silver altar of Zin.
 26456 | Snake:2  | Found a transporter.
 26525 | Snake:2  | Noticed a nagaraja
 26549 | Snake:2  | Killed a nagaraja
 26827 | Snake:2  | Reached XP level 17. HP: 74/112 MP: 14/17
 27047 | Snake:2  | Found Meacvafu's Gadget Shop.
 27047 | Snake:2  | Found Benin's Jewellery Shoppe.
 27048 | Snake:2  | Found Vaduozan's Jewellery Shoppe.
 27116 | Snake:2  | Received a gift from Trog
 27122 | Snake:2  | Got a bloodstained broad axe {god gift}
 27123 | Snake:2  | Identified the +12 broad axe "Wihoj" {holy, rN+++ MR+
                  | Int-4} (Trog gifted it to you on level 2 of the Snake Pit)
 27356 | Snake:3  | Reached skill level 15 in Fighting
 27631 | Snake:3  | Reached skill level 15 in Armour
 28416 | Snake:4  | Entered Level 4 of the Snake Pit
 28504 | Snake:4  | Found Roziphi's Jewellery Shoppe.
 28504 | Snake:4  | Found Nociok's General Store.
 28510 | Snake:4  | Found Xachap's Assorted Antiques.
 28514 | Snake:4  | Found Jokiew's Food Shoppe.
 28928 | Snake:4  | Received a gift from Trog
 29196 | Snake:4  | Noticed Vashnia
 30029 | Snake:4  | Reached XP level 18. HP: 96/120 MP: 15/18
 30139 | Snake:4  | Received a gift from Trog
 30207 | Snake:4  | Killed Vashnia
 30449 | Snake:4  | Reached skill level 15 in Shields
 30658 | Snake:4  | Got a serpentine rune of Zot
 31012 | Swamp:1  | Entered Level 1 of the Swamp
 31129 | Swamp:1  | Noticed Louise
 31378 | Swamp:1  | Killed Louise
 31500 | Swamp:1  | Received a gift from Trog
 31762 | Swamp:2  | Noticed Frances
 31781 | Swamp:2  | Killed Frances
 32857 | Swamp:2  | Received a gift from Trog
 33342 | Swamp:3  | Reached XP level 19. HP: 127/127 MP: 19/19
 34116 | Swamp:4  | Entered Level 4 of the Swamp
 34208 | Swamp:4  | Noticed Mara
 34216 | Swamp:4  | Noticed Fang's illusion
 34242 | Swamp:4  | Killed Mara
 34580 | Swamp:4  | HP: 1/127 [five-headed hydra[a spriggan druid] (8)]
 34580 | Swamp:4  | Slain by a 16-headed hydra

Levels and vault maps discovered:
D:1:      lightli_molten_gateway, layout_basic, serial_glass, glass_columns_a,
          glass_columns_b
D:2:      layout_loops_ring
D:3:      layout_basic, first_ration, minmay_starry_boxes, uniq_grinder
D:4:      layout_basic, uniq_sigmund
D:5:      layout_layer_cave, chequers_temple_overflow_statue_of_worship,
          serial_shops, shop, basic_altar, uniq_eustachio
D:6:      layout_basic, cheibriados_altar_1, lemuel_temple_firewalk_b,
          uniq_blork_the_orc
D:7:      layout_gridville, basic_altar, serial_shops, nicolae_shop_waterfront
D:8:      layout_layer_cave, kennysheep_okawaru_gauntlet
D:9:      minmay_klotski, layout_rooms, nicolae_ashenzari_panopticon
D:10:     minmay_tri_box, layout_basic, david_lair_shrubbed, serial_glass,
          glass_columns_b, glass_columns_c, serial_shops, kennysheep_mini_moat,
          uniq_nergalle
D:11:     layout_roguey, minmay_variable_closet
D:12:     layout_basic, david_orc_5, basic_altar
D:13:     layout_long_grid, david_vaults_1, basic_altar
D:14:     layout_roguey, minmay_misc_feat_pillars, uniq_snorg
D:15:     hangedman_depths_entry_try_elsewhere_first, layout_basic
Temple:   minmay_freezing_vapour_temple
Lair:1:   layout_layer_cave, minmay_lair_oklob_chamber, serial_bayou_shore_b
Lair:2:   layout_hall_layers, minmay_swamp_entry_worms,
          minmay_snake_entry_guardpost_medium, basic_altar, serial_bayou_pond_e
Lair:3:   layout_chaotic_city, serial_bayou_lagoon_a, lemuel_fruit_tree
Lair:4:   beast_lair_carwin_large_1, layout_layer_cave
Lair:5:   layout_hall_layers, uniq_urug
Lair:6:   minmay_lair_end_frog_pond, layout_regular_city,
          minmay_slime_entry_oklob_open, chequers_serial_rivers_room_a
Swamp:1:  layout_falls_marsh, evilmike_swamp_ruin_house_4,
          infiniplex_staircase_pool, uniq_louise
Swamp:2:  layout_falls_marsh, hangedman_swamp_cone, hangedman_swamp_ravenous,
          uniq_frances
Swamp:3:  layout_basic_swamp, evilmike_swamp_ruin_house_3
Swamp:4:  swamp_alternative, layout_basic_swamp,
          nicolae_swamp_very_dense_foliage, uniq_mara
Snake:1:  layout_basic, drop_trap, uniq_aizul, uniq_donald, uniq_josephine
Snake:2:  gammafunk_its_a_trap, layout_layer_cave, basic_altar,
          grunt_ministairs_14, minmay_shop_grove
Snake:3:  layout_basic, st_stairs_6, serial_bayou_shore_a
Snake:4:  johnstein_snake_rune_scales, layout_layer_cave, minmay_shoptagon
Orc:1:    layout_caves, elf_legates
Orc:2:    grunt_orc_tribal_feast, layout_caves, trog_book

Skill      XL: |  1  2  3  4  5  6  7  8  9 10 11 12 13 14 15 16 17 18 |
---------------+-------------------------------------------------------+-----
Axes           | 3 4 5 6 7 8 9 10 11 12 13 14 | 14.4
Dodging        | 2 3 4 5 6 7 8 9 10 11 12 13 | 13.2
Fighting       | 4 5 6 7 8 10 11 12 13 14 15 16 | 16.7
Armour         | 3 4 5 6 7 8 9 10 11 12 13 14 15 16 | 16.6
Shields        | 2 4 6 8 9 10 11 12 13 14 15 | 15.8

Action                   |  1- 3 |  4- 6 |  7- 9 | 10-12 | 13-15 | 16-18 | 19-21 || total
-------------------------+-------+-------+-------+-------+-------+-------+-------++-------
Melee: Hand axe          |   186 |   179 |   639 |   168 |       |       |       ||  1172
       Broad axe         |       |       |       |   688 |  1211 |  1532 |   180 ||  3611
       War axe           |       |       |       |    83 |       |       |       ||    83
       Spear             |       |       |       |     3 |       |       |       ||     3
Invok: Berserk           |       |     1 |     6 |     6 |    11 |     5 |     3 ||    32
       Trog's Hand       |       |       |     2 |     1 |     2 |     2 |     3 ||    10
       Brothers in Arms  |       |       |       |     1 |     6 |     1 |     1 ||     9
 Abil: Fly               |       |       |       |       |     1 |       |       ||     1
  Use: Scroll            |       |       |     3 |    25 |    15 |     7 |     1 ||    51
       Potion            |       |       |       |       |     2 |     2 |       ||     4
 Stab: Distracted        |       |       |       |       |     1 |       |       ||     1
  Eat: Chunk             |     2 |     5 |    17 |    30 |    41 |    31 |     4 ||   130
       Ration            |       |       |     1 |     1 |     1 |     3 |     1 ||     7
Armor: Plate armour      |   127 |   170 |   610 |   744 |  1044 |   852 |   295 ||  3842
       Animal skin       |     3 |       |       |       |       |       |       ||     3
Dodge: Dodged            |    61 |    75 |   108 |   255 |   487 |   535 |   204 ||  1725
Block: Large shield      |       |       |   606 |  1045 |  1619 |  1746 |   309 ||  5325
